 Dungeon Crawl Stone Soup version 0.29.1-12-g30fa7ad0bf (webtiles) character file.

Game seed: 14412615006838025006

157 kingofthe the Ducker (level 5, -6/28 HPs)
             Began as a Deep Elf Venom Mage on Jan 16, 2023.
             Killed by divine providence
             ... invoked by an orc priest
              (14 damage)
             ... on level 3 of the Dungeon.
             The game lasted 00:11:56 (3577 turns).

kingofthe the Ducker (Deep Elf Venom Mage)          Turns: 3577, Time: 00:11:57

Health: -6/28      AC:  2    Str:  5    XL:     5   Next: 15%
Magic:  0/13       EV: 14    Int: 20    God:
Gold:   105        SH:  0    Dex: 17    Spells: 5/12 levels left

rFire   . . .      SeeInvis .   d - +0 dagger
rCold   . . .      Faith    .   (no shield)
rNeg    + . .      Spirit   +   a - +0 robe
rPois   .          Reflect  .   (no helmet)
rElec   .          Harm     .   (no cloak)
rCorr   .          Rampage  .   (no gloves)
Will    .....                   (no boots)
Stlth   +++.......              q - amulet of guardian spirit
HPRegen 0.09/turn               l - ring of positive energy
MPRegen 0.13/turn               (no ring)

@: no status effects
A: no striking features
a: no special abilities


You were on level 3 of the Dungeon.
You visited 1 branch of the dungeon, and saw 3 of its levels.

You collected 105 gold pieces.

Inventory:

Hand Weapons
 d - a +0 dagger (weapon)
Armour
 a - a +0 robe (worn)
 i - a +0 buckler
Jewellery
 l - a ring of positive energy (left hand)
 q - an amulet of guardian spirit (around neck)
Wands
 t - a wand of mindburst (13)
Scrolls
 e - a scroll of butterflies {unknown}
 h - 2 scrolls of enchant weapon {unknown}
 j - 3 scrolls of identify {unknown}
 k - a scroll of poison {unknown}
 n - 2 scrolls of enchant armour {unknown}
 o - a scroll of teleportation {unknown}
 r - a scroll of magic mapping {unknown}
 s - a scroll of vulnerability {unknown}
Potions
 b - a potion of magic
 c - 3 potions of might {unknown}
 f - 2 potions of flight {unknown}
 g - 4 potions of curing
 m - a potion of resistance {unknown}
 p - a potion of haste {unknown}
 u - a potion of degeneration {unknown}


   Skills:
 + Level 4.3 Dodging
 - Level 3.5 Stealth
 + Level 4.1 Spellcasting
 + Level 0.9 Conjurations
 - Level 1.1 Transmutations
 + Level 0.8 Air Magic
 + Level 4.1 Poison Magic


You had 5 spell levels left.
You knew the following spells:

 Your Spells              Type           Power      Damage    Failure   Level
a - Sting                 Tmut/Pois      56%        1d5       4%          1
b - Poisonous Vapours     Pois/Air       28%        N/A       7%          2
c - Shock                 Conj/Air       28%        1d4       9%          1
d - Mephitic Cloud        Conj/Pois/Air  12%        N/A       17%         3

Your spell library contained the following spells:

 Spells                   Type           Power      Damage    Failure   Level
 Olgreb's Toxic Radiance  Pois           20%        N/A       24%         4
 Swiftness                Air            7%         N/A       26%         3
 Portal Projectile        Hex/Tloc       8%         N/A       36%         3
 Tukima's Dance           Hex            4%         N/A       36%         3
 Airstrike                Air            3%         2d(1-17)  65%         4
 Blade Hands              Tmut           4%         N/A       92%         5


Dungeon Overview and Level Annotations

Branches:
Dungeon (3/15)

Altars:

Annotations:
D:3 1 runed translucent door, exclusion: door, Crazy Yiuf


Message History

The orc priest is moderately wounded.
The orc priest calls upon Beogh to heal the orc priest.
The orc priest's wounds heal themselves!
Casting: Shock (safe; 9% risk of failure)
Confirm with . or Enter, or press ? or * to list all spells.
Aiming: Shock (safe; 9% risk of failure)
Press: ? - help, Shift-Dir - straight line The zap misses the orc priest.
The orc priest invokes the aid of Beogh against you.
Beogh smites you!
Casting: Shock (safe; 9% risk of failure)
Confirm with . or Enter, or press ? or * to list all spells.
Aiming: Shock (safe; 9% risk of failure)
Press: ? - help, Shift-Dir - straight line, f - orc priest
Aim: an orc priest, wielding a +0 whip and wearing a +0 leather armour (lightly wounded, 68% to hit)
The zap misses the orc priest. x3; The zap hits the orc priest.
The orc priest is moderately wounded.
Casting: Shock (safe; 9% risk of failure)
Confirm with . or Enter, or press ? or * to list all spells.
Aiming: Sting (safe; 4% risk of failure)
Press: ? - help, Shift-Dir - straight line, f - orc priest
Aim: an orc priest, wielding a +0 mace and wearing a +0 ring mail (moderately wounded, 75% to hit)
The sting hits the orc priest but does no damage.
The orc priest is poisoned.
The orc priest is moderately wounded.
The orc priest hits you with a +0 mace.
Casting: Sting (safe; 4% risk of failure)
Confirm with . or Enter, or press ? or * to list all spells.
Aiming: Sting (safe; 4% risk of failure)
Press: ? - help, Shift-Dir - straight line, f/p - orc priest
Aim: an orc priest, wielding a +0 mace and wearing a +0 ring mail (heavily wounded, poisoned, 75% to hit)
The sting hits the orc priest but does no damage.
The orc priest looks even sicker.
The orc priest is heavily wounded.
The orc priest hits you with a +0 mace.
* * * LOW HITPOINT WARNING * * *
The orc priest invokes the aid of Beogh against you.
Beogh smites you!
Ouch! That really hurt!
You die...

### ###
#######.#
#.# #
#.......#
#.##)##
#.#####.#
#o)...#
#.# #.#
#o##.#
#.# #.#
#o##.#
#.# #.#
#.##.#
#.# #.#
#@##.#
#.# #>#
#.##.#
#.#####.#
#.##.#
#...#...#
#.##.#
#.#)#.###
#.##.#
####.#.#
###.##.#
.....#.#
#......#
######.#
#.#.#.†#
>......#
#.#....#


You could see 3 orc priests.

Vanquished Creatures
  Jessica (D:2)
  An iguana (D:3)
  6 adders
  A worm (D:2)
  A dart slug (D:1)
  2 orcs (D:3)
  5 endoplasms (D:1)
  A giant cockroach (D:1)
  4 goblins (D:1)
  2 hobgoblins
  3 jackals (D:1)
  4 kobolds
  3 quokkas
  2 ball pythons (D:1)
  5 bats
  3 frilled lizards
  4 rats
48 creatures vanquished.

Vanquished Creatures (others)
  3 fungi (D:3)
3 creatures vanquished.

Grand Total: 51 creatures vanquished

Notes
Turn   | Place    | Note
-------+----------+-------------------------------------------
     0 | D:1      | kingofthe the Deep Elf Venom Mage began the quest for the
                  | Orb.
     0 | D:1      | Reached XP level 1. HP: 10/10 MP: 6/6
   400 | D:1      | Reached XP level 2. HP: 15/15 MP: 5/8
   535 | D:1      | Learned a level 2 spell: Poisonous Vapours
   894 | D:1      | Learned a level 1 spell: Shock
  1178 | D:1      | Reached XP level 3. HP: 14/19 MP: 2/9
  1741 | D:2      | Noticed Jessica
  1747 | D:2      | Killed Jessica
  1748 | D:2      | Reached XP level 4. HP: 24/24 MP: 3/11
  2256 | D:2      | Identified the +0 scale mail of Dim Light {rF+}
  2391 | D:2      | Learned a level 3 spell: Mephitic Cloud
  3102 | D:3      | Reached XP level 5. HP: 28/28 MP: 6/13
  3215 | D:3      | Found a faded altar of an unknown god.
  3437 | D:3      | Found a runed translucent door.
  3438 | D:3      | Noticed Crazy Yiuf
  3577 | D:3      | Killed from afar by an orc priest

Illustrated notes

Levels and vault maps discovered:
D:1:      minmay_arrival_stone_box, layout_basic
D:2:      layout_basic, uniq_jessica
D:3:      layout_basic, shapermc_ecumenical_altar_totnotflames,
          uniq_crazy_yiuf_cottage

Skill      XL: |  1  2  3  4 |
---------------+-------------+-----
Stealth        | 3 |  3.5
Dodging        | 3 4 |  4.3
Spellcasting   | 4 |  4.1
Poison Magic   | 4 |  4.1
Conjurations   | |  0.9
Transmutations | |  1.1
Air Magic      | |  0.8

Action                   |  1- 3 |  4- 6 || total
-------------------------+-------+-------++-------
Melee: Dagger            |       |     3 ||     3
 Cast: Sting             |    62 |    39 ||   101
       Poisonous Vapours |     7 |    15 ||    22
       Shock             |       |    13 ||    13
Armor: Robe              |     3 |     3 ||     6
Dodge: Dodged            |    13 |    10 ||    23
